 Dungeon Crawl Stone Soup version 0.21.1-1-g345015fe64 (webtiles) character file.

2372 Gargoyl the Agent of Entropy (level 9, 0/72 HPs)
             Began as a Centaur Abyssal Knight on Feb 28, 2018.
             Was a Priest of Lugonu.
             Slain by a bullfrog (4 damage)
             ... on level 7 of the Dungeon.
             The game lasted 00:11:07 (7972 turns).

Gargoyl the Agent of Entropy (CeAK)                 Turns: 7972, Time: 00:11:07

Health: 0/72       AC: 11    Str: 17    XL:     9   Next: 21%
Magic:  13/13      EV:  9    Int: 11    God:    Lugonu [***...]
Gold:   397        SH:  0    Dex: 10    Spells: 8/8 levels left

rFire    . . .     SeeInvis .   s - +0 war axe
rCold    . . .     Gourm    .   (no shield)
rNeg     . . .     Faith    .   m - +1 ring mail
rPois    +         Spirit   .   (no helmet)
rElec    .         Reflect  .   C - +2 cloak {rPois}
rCorr    .         Harm     .   (no gloves)
MR       +....                  (no barding)
Stlth    ..........             (no amulet)
HPRegen  0.22/turn              e - ring of protection from magic
MPRegen  0.13/turn              o - ring of flight

@: very quick
A: large, hooves 3, deformed body, speed 2, tough skin 3
a: Depart the Abyss, Bend Space, Banish, Renounce Religion, Evoke Flight


You were on level 7 of the Dungeon.
You worshipped Lugonu.
Lugonu was most pleased with you.
You were not hungry.

You visited 1 branch of the dungeon, and saw 7 of its levels.
You visited the Abyss 1 time.

You collected 397 gold pieces.

Inventory:

Hand Weapons
 a - a +1 hand axe
 s - a +0 war axe (weapon)
Armour
 m - a +1 ring mail (worn)
 C - a +2 cloak of poison resistance (worn)
Jewellery
 e - a ring of protection from magic (left hand)
 o - a ring of flight (right hand)
 A - a cursed amulet of inaccuracy {unknown}
Wands
 i - a wand of random effects (34)
 y - a wand of enslavement (10)
 B - a wand of polymorph (13)
Scrolls
 b - 3 scrolls of identify
 f - 3 scrolls of magic mapping
 g - 2 scrolls of fear
 q - 4 scrolls of remove curse
Potions
 h - a potion of agility
 j - a potion of degeneration {unknown}
 k - 5 potions of curing {unknown}
 l - a potion of brilliance {unknown}
 n - a potion of magic {unknown}
 r - a potion of cancellation {unknown}
 u - a potion of mutation {unknown}
 v - a potion of haste {unknown}
 x - a potion of heal wounds {unknown}
 z - a potion of flight {unknown}
Comestibles
 c - 11 rations
 w - 4 chunks of flesh


   Skills:
 + Level 4.7 Fighting
 + Level 5.8 Axes
 * Level 5.9 Armour
 + Level 2.4 Dodging
 * Level 6.2 Invocations
 + Level 1.4 Evocations


You had 8 spell levels left.
You didn't know any spells.

Dungeon Overview and Level Annotations

Branches:
Dungeon (7/15)             Temple (0/1) D:5

Altars:
Fedhas
The Shining One

Shops:
D:4 ?

Annotations:
D:2 exclusion: oklob plant
D:3 2 transporters


Innate Abilities, Weirdness & Mutations

You have hooves in place of feet.
Armour fits poorly on your strangely shaped body.
You cover ground very quickly.
You have extremely tough skin. (AC +3)


Message History

Press: ? - help, Shift-Dir - straight line, f - bullfrog
Aim: a bullfrog (hasn't noticed you)
Okay, then.
The bullfrog gives a loud, deep croak!
The bullfrog releases a deep croak.
A bullfrog comes into view.
The bullfrog croaks.
The bullfrog hits you but does no damage.
You see here a stone.
You hit the bullfrog. Your kick misses the bullfrog.
The bullfrog is lightly wounded.
The bullfrog hits you!
* * * LOW HITPOINT WARNING * * *
The bullfrog hits you but does no damage.
You barely miss the bullfrog.
The bullfrog is lightly wounded.
The bullfrog hits you.
* * * LOW HITPOINT WARNING * * *
The bullfrog hits you.
You die...

#.###### #..#.
.##......# #..#.
#.#######.# .....
####.### #.# ....
#......# #.#
#..#####......#
###.#
#.....##......#
#...#
#..#...#.##......#
#.###
........FF@...>#
#.#
#........#####.##
##.# .......###
#..###..####
...(...
#..........#
..(....
#..#.#.#.#.#
..(....
#..........#
.......
#...#.#.#.#.#
.......
#............#
#...#.#.#.#..#


You could see 2 bullfrogs.

Vanquished Creatures
  Pikel (D:5)
  Prince Ribbit (D:7)
  Grinder (D:5)
  The ghost of VanClaymore the Cudgeler, an amateur GrMo of Makhleb (D:5)
  Menkaure (D:7)
  A water moccasin (D:7)
  A black bear (D:6)
  An ogre (D:7)
  A big kobold (D:7)
  A bullfrog (D:7)
  A scorpion (D:6)
  Crazy Yiuf (D:5)
  A bullfrog zombie (D:7)
  3 orc priests (D:5)
  A hound (D:4)
  A jelly (D:6)
  Ijyb (D:4)
  2 iguanas (D:4)
  9 worker ants
  Natasha (thrice) (D:2)
  9 adders
  A shadow imp (D:6)
  2 oozes
  A dart slug (D:4)
  2 worms
  A leopard gecko (D:1)
  4 orcs
  3 giant cockroaches
  7 goblins
  9 hobgoblins
  13 jackals
  16 kobolds
  6 quokkas
  15 bats
  2 frilled lizards
  A quokka skeleton (D:6)
  8 rats
133 creatures vanquished.

Vanquished Creatures (others)
  A slave (D:5)
  A worker ant (D:5)
2 creatures vanquished.

Grand Total: 135 creatures vanquished

Notes
Turn   | Place    | Note
-------+----------+-------------------------------------------
     0 | Abyss:1  | Gargoyl the Centaur Abyssal Knight began the quest for the Orb.
     0 | Abyss:1  | Reached XP level 1. HP: 19/19 MP: 2/2
    33 | Abyss:2  | Found a corrupted altar of Lugonu.
    54 | Abyss:2  | Noticed a thrashing horror
    55 | D:1      | Escaped the Abyss
   187 | D:1      | Reached XP level 2. HP: 14/26 MP: 3/3
   381 | D:1      | Reached * piety under Lugonu
   948 | D:1      | Reached XP level 3. HP: 27/31 MP: 4/4
  1308 | D:2      | Noticed Natasha
  1313 | D:2      | Killed Natasha
  1313 | D:2      | Reached skill level 1 in Dodging
  1480 | D:2      | Reached ** piety under Lugonu
  1509 | D:2      | Reached XP level 4. HP: 35/38 MP: 6/6
  1563 | D:2      | Noticed Natasha
  1570 | D:2      | Killed Natasha
  1570 | D:2      | Reached skill level 3 in Invocations
  1636 | D:2      | Noticed Natasha
  1639 | D:2      | Killed Natasha
  1656 | D:2      | Reached XP level 5. HP: 15/45 MP: 7/7
  1936 | D:2      | Found a blossoming altar of Fedhas.
  1961 | D:2      | Noticed an oklob plant
  2030 | D:2      | Found a glowing golden altar of the Shining One.
  2536 | D:3      | Found a transporter.
  2673 | D:3      | Found a transporter.
  3784 | D:4      | Reached XP level 6. HP: 5/51 MP: 8/8
  4092 | D:4      | Found Wutuhaz's Magic Scroll Emporium.
  4464 | D:4      | Noticed Ijyb
  4473 | D:4      | Killed Ijyb
  4473 | D:4      | Reached skill level 4 in Invocations
  4946 | D:5      | Entered Level 5 of the Dungeon
  5132 | D:5      | Noticed Grinder
  5133 | D:5      | Found a staircase to the Ecumenical Temple.
  5142 | D:5      | Killed Grinder
  5142 | D:5      | Reached XP level 7. HP: 33/58 MP: 10/10
  5859 | D:5      | Found a runed door.
  6178 | D:5      | Reached *** piety under Lugonu
  6315 | D:5      | Noticed VanClaymore's ghost (amateur GrMo)
  6318 | D:5      | Killed VanClaymore's ghost
  6346 | D:5      | Noticed Pikel
  6364 | D:5      | Killed Pikel
  6364 | D:5      | Reached skill level 5 in Armour
  6364 | D:5      | Reached skill level 5 in Invocations
  6364 | D:5      | Reached skill level 1 in Evocations
  6364 | D:5      | Reached XP level 8. HP: 30/66 MP: 10/12
  6545 | D:5      | Found a blossoming altar of Fedhas.
  6992 | D:5      | Noticed Crazy Yiuf
  6996 | D:5      | Killed Crazy Yiuf
  7425 | D:6      | Reached skill level 5 in Axes
  7885 | D:7      | Noticed Prince Ribbit
  7885 | D:7      | Noticed Menkaure
  7888 | D:7      | Killed Menkaure
  7908 | D:7      | Reached skill level 6 in Invocations
  7908 | D:7      | Reached XP level 9. HP: 39/72 MP: 13/13
  7914 | D:7      | Killed Prince Ribbit
  7972 | D:7      | Slain by a bullfrog

Skill      XL: |  1  2  3  4  5  6  7  8 |
---------------+-------------------------+-----
Axes           | 2 3 4 5 |  5.8
Armour         | 2 3 5 |  5.9
Dodging        | 1 2 |  2.4
Invocations    | 3 4 5 6 |  6.2
Fighting       | 4 |  4.7
Evocations     | 1 |  1.4

Action                   |  1- 3 |  4- 6 |  7- 9 || total
-------------------------+-------+-------+-------++-------
Melee: Hand axe          |    91 |    86 |       ||   177
       Kick              |    11 |    30 |    30 ||    71
       War axe           |       |    91 |   144 ||   235
Throw: Tomahawk          |       |       |     6 ||     6
Invok: Depart the Abyss  |     1 |       |       ||     1
Evoke: Wand              |     1 |     7 |    11 ||    19
  Use: Scroll            |     3 |     5 |     3 ||    11
 Stab: Paralysed         |       |     1 |       ||     1
  Eat: Chunk             |     1 |    10 |     8 ||    19
Armor: Leather armour    |    87 |     7 |       ||    94
       Ring mail         |       |   106 |    79 ||   185
Dodge: Dodged            |    82 |   120 |    79 ||   281
